 Dungeon Crawl Stone Soup version 0.26.0-45-g9c1d065592 (webtiles) character file.

Game seed: 15219357169116276624

56 trckry the Bolt Thrower (level 3, -2/22 HPs)
             Began as a Tengu Hunter on Jan 27, 2021.
             Slain by an orc (5 damage)
             ... on level 1 of the Dungeon.
             The game lasted 00:03:05 (1507 turns).

trckry the Bolt Thrower (Tengu Hunter)              Turns: 1507, Time: 00:03:06

Health: -2/22      AC:  3    Str: 13    XL:     3   Next: 97%
Magic:  4/4        EV: 12    Int: 11    God:
Gold:   25         SH:  0    Dex: 14    Spells: 2/2 levels left

rFire    . . .     SeeInvis .   b - +0 short sword
rCold    . . .     Faith    .   (no shield)
rNeg     . . .     Spirit   .   c - +0 leather armour
rPois    .         Reflect  .   (helmet restricted)
rElec    .         Harm     .   (no cloak)
rCorr    .         Rampage  .   (no gloves)
Will     .....                  (boots unavailable)
Stlth    +.........             (no amulet)
HPRegen  0.07/turn              (no ring)
MPRegen  0.09/turn              (no ring)

@: no status effects
A: beak, talons 3
a: no special abilities


You were on level 1 of the Dungeon.
You visited 1 branch of the dungeon, and saw 2 of its levels.

You collected 25 gold pieces.

Inventory:

Hand Weapons
 a - a +1 hand crossbow
 b - a +0 short sword (weapon)
Missiles
 d - 28 bolts
Armour
 c - a +0 leather armour (worn)
Scrolls
 e - 2 scrolls of identify {unknown}
Potions
 f - a potion of might {unknown}


   Skills:
 + Level 2.3 Fighting
 * Level 5.0 Crossbows
 + Level 1.1 Armour
 + Level 2.7 Dodging
 - Level 1.0 Stealth
 + Level 0.6 Invocations
 + Level 0.9 Evocations


You had 2 spell levels left.
You didn't know any spells.
Your spell library was empty.

Dungeon Overview and Level Annotations

Branches:
Dungeon (2/15)

Altars:


Innate Abilities, Weirdness & Mutations

You have a beak for a mouth.
You have claws for feet.


Message History

You climb upwards.
There is a stone staircase leading down here.
You closely miss the orc. You claw the orc.
The orc is severely wounded.
The goblin misses you. The orc barely misses you. The orc hits you.
The hobgoblin barely misses you. The goblin closely misses you.
The orc closely misses you.
You completely miss the goblin. Your kick misses the goblin.
You peck the goblin.
The goblin is heavily wounded.
The goblin closely misses you. The orc hits you but does no damage.
The orc barely misses you. The hobgoblin hits you.
* * * LOW HITPOINT WARNING * * *
The goblin hits you with a +0 club.
* * * LOW HITPOINT WARNING * * *
The orc hits you but does no damage.
You hit the goblin.
You kill the goblin!
The orc hits you.
You die...

# #.# #.# #..##.# # #.# #.#
#..#... # #.# #.# #>..#.#
## #.# #.# #...... .## ##.#
#.# ##..#.# #.# #..# #.#
#..... .## #.## #######.#
###... ## #.# #.ogg...#
#..... # #.#
#.รท@o#..#######.#.## # #.#
#)##o...........#.# # #.#
#o####..#########.## # #.#
####.# #..............o #
#.# #....###...#########.##
# #.#
#..o.##.......og.....# #
#.####..)......############
# ##.#............# #
#............####


You could see 3 orcs, a hobgoblin and a goblin.

Vanquished Creatures
  Robin (D:1)
  A dart slug (D:1)
  2 leopard geckos (D:1)
  2 orcs
  A giant cockroach (D:1)
  11 goblins
  5 hobgoblins (D:1)
  4 jackals (D:1)
  3 bats (D:1)
  4 kobolds (D:1)
  2 rats (D:1)
36 creatures vanquished.

Notes
Turn   | Place    | Note
-------+----------+-------------------------------------------
     0 | D:1      | trckry the Tengu Hunter began the quest for the Orb.
     0 | D:1      | Reached XP level 1. HP: 12/12 MP: 2/2
   220 | D:1      | Reached XP level 2. HP: 13/17 MP: 3/3
   656 | D:1      | Reached XP level 3. HP: 15/21 MP: 4/4
  1134 | D:2      | Noticed Robin
  1150 | D:1      | Reached skill level 1 in Armour
  1270 | D:1      | Killed Robin
  1271 | D:1      | Reached skill level 5 in Crossbows
  1506 | D:1      | HP: 3/22 [goblin/+0 club[Robin] (2)]
  1507 | D:1      | Slain by an orc

Illustrated notes

Levels and vault maps discovered:
D:1:      dpeg_arrival_fog, layout_loops_ring
D:2:      layout_loops_corners, xom_butterflies, serial_rivers,
          chequers_serial_rivers_large_b, chequers_serial_rivers_small_3,
          chequers_serial_rivers_micro_d, chequers_serial_rivers_room_b,
          nemelex_spade_bored_becter, uniq_terence, uniq_robin

Skill      XL: |  1  2  3 |
---------------+----------+-----
Armour         | 1 |  1.1
Crossbows      | 5 |  5.0
Fighting       | |  2.3
Dodging        | |  2.7
Stealth        | |  1.0
Invocations    | |  0.6
Evocations     | |  0.9

Action                   || total
-------------------------++-------
Melee: Short sword       ||    75
       Kick              ||    15
       Peck              ||     7
 Fire: Hand crossbow     ||    15
 Stab: Sleeping          ||     2
Armor: Leather armour    ||    24
Dodge: Dodged            ||    72
